 Dungeon Crawl Stone Soup version 0.31-a0-232-gb1c03b2570 (webtiles) character file.

Game seed: 10536303482778477116

3089 qw the Skirmisher (level 9, -1/79 HPs)
             Began as a Minotaur Hexslinger on July 6, 2023.
             Was a Priest of Okawaru.
             Killed from afar by an orc wizard (3 damage)
             ... with a puff of flame
             ... on level 8 of the Dungeon.
             The game lasted 00:02:24 (5353 turns).

qw the Skirmisher (Minotaur Hexslinger)             Turns: 5353, Time: 00:02:24

Health: -1/79      AC:  5    Str: 14    XL:     9   Next: 59%
Magic:  20/20      EV: 21    Int:  7    God:    Okawaru [***...]
Gold:   198        SH:  0    Dex: 16    Spells: 9/10 levels left

rFire   + . .        Y - +0 arbalest
rCold   + . .        (shield currently unavailable)
rNeg    + + .        m - +2 leather armour {rF+}
rPois   .            (helmet restricted)
rElec   .            (no cloak)
rCorr   .            (no gloves)
SInv    .            (no boots)
Will    .....        f - amulet of regeneration
Stlth   +++          i - ring "Ruquewna" {rC+ rN++ MP+9 EV+5 Int-3 Slay+2}
HPRegen 1.13/turn    (no ring)
MPRegen 0.17/turn

%: no passive effects
@: heroic
A: horns 2, retaliatory headbutt
a: Renounce Religion, Heroism


You were on level 8 of the Dungeon.
You worshipped Okawaru.
Okawaru was most pleased with you.
You visited 2 branches of the dungeon, and saw 9 of its levels.

You collected 470 gold pieces.
You spent 272 gold pieces at shops.


Innate Abilities, Weirdness & Mutations

You have a pair of horns on your head.
You reflexively headbutt those who attack you in melee.


   Skills:
 - Level 7.2(12.2) Fighting
 + Level 11.9(16.9) Ranged Weapons
 - Level 1.0(6.0) Armour
 - Level 4.0(9.0) Dodging
 - Level 1.0 Spellcasting
 - Level 2.0 Hexes
 - Level 4.0 Invocations


You had 9 spell levels left.
You knew the following spells:

 Your Spells              Type           Power      Damage    Failure   Level
a - Slow                  Hex            12%        N/A       22%         1

Your spell library contained the following spells:

 Spells                   Type           Power      Damage    Failure   Level
 Inner Flame              Hex/Fire       1%         N/A       71%         3
 Portal Projectile        Hex/Tloc       2%         N/A       71%         3
 Cause Fear               Hex            1%         N/A       92%         4

Inventory:

Hand Weapons
 Y - a +0 arbalest (weapon)
Armour
 d - +0 acid dragon scales
 m - a +2 leather armour of fire resistance (worn)
Jewellery
 f - an amulet of regeneration (around neck)
 i - the ring "Ruquewna" (left hand) {rC+ rN++ MP+9 EV+5 Int-3 Slay+2}
   (You found it on level 2 of the Dungeon)

   [ring of evasion]

   EV:        It affects your evasion (+5).
   Int:       It affects your intelligence (-3).
   Slay:      It affects your accuracy & damage with ranged weapons and melee
   (+2).
   rC:        It protects you from cold.
   rN:        It greatly protects you from negative energy.
   MP:        It affects your magic capacity (+9).
Wands
 b - a wand of digging (6)
Scrolls
 j - a scroll of identify
Potions
 a - a potion of might
 c - 2 potions of cancellation
 e - a potion of degeneration {unknown}
 k - a potion of attraction {unknown}

Dungeon Overview and Level Annotations

Branches:
Dungeon (8/15)             Temple (1/1) D:4
   Lair: D:8-11

Altars:
Ashenzari
Cheibriados
Elyvilon
Fedhas
Gozag
Hepliaklqana
Kikubaaqudgha
Makhleb
Nemelex Xobeh
Okawaru
Qazlal
Ru
Sif Muna
Trog
Uskayaw
Vehumet
Wu Jian
Xom
Yredelemnul
Zin
The Shining One

Shops:
D:5 *


Message History

The wolf howls!
You hear a shout!
The ice beast completely misses you. You furiously retaliate!
You headbutt the ice beast! The kobold misses you. You furiously retaliate!
You headbutt the kobold!
You kill the kobold!
Okawaru accepts your kill. Something misses you.
The ice beast completely misses you. Something closely misses you.
You shoot a bolt.
The bolt completely misses the ice beast.
The wolf closely misses you. You furiously retaliate!
You headbutt the wolf!
You hear some strange, mumbled words.
You are confused.
The wolf misses you.
You hear some strange, mumbled words.
You are more confused.
The ice beast completely misses you.
5351 ||| DRINKING potion of curing.
You feel better.
5351 ||| (to cure confusion)
The wolf bites you.
The orc hits you from afar with a +0 trident.
Something closely misses you.
The ice beast hits you but does no damage.
You hear some strange, mumbled words.
A magic dart appears from out of thin air!
The magic dart hits you.
You shoot a bolt. The bolt hits the ice beast!!
You kill the ice beast!
Okawaru accepts your kill. The wolf bites you. The orc barely misses you.
The wolf completely misses you.
Something hits you but does no damage. x2
You shoot a bolt. The bolt hits the wolf.
The wolf is heavily wounded.
The wolf misses you. You furiously retaliate!
You headbutt the wolf! The orc completely misses you.
You hear some strange, mumbled words.
A puff of flame appears from out of thin air!
The puff of flame hits you. You resist.
You die...

##.#...#.#))##.#######
...........)).)......#
#..#...#.##.########.#
.......#.##.# #.#
..........>.#### ###.#
#.....##.......# #...#
##...........<###.####
#..###...............#
#. #@{.......##.##.#
......h{h.......
#.##<#
......o)#.......
#.##.#
#...~...........
#.##.#
..........#####.
.....# #...#......
#.#### .#.####.... #.#
.. #.#). ).#


You could see a polar bear, a wolf and an orc.

Vanquished Creatures
  A rime drake (D:8)
  Edmund (D:4)
  A steam dragon (D:7)
  An acid dragon (D:6)
  2 water moccasins
  A black bear (D:6)
  2 orc warriors
  2 sky beasts
  4 ice beasts (D:8)
  3 wolves (D:8)
  An ogre (D:6)
  A kobold brigand (D:8)
  A bullfrog (D:6)
  A scorpion (D:5)
  3 wights (D:6)
  4 hounds
  A jelly (D:7)
  2 orc priests
  A gnoll bouda (D:7)
  4 iguanas
  6 orc wizards
  7 gnolls
  10 adders
  A shadow imp (D:7)
  A white imp (D:6)
  2 worms
  2 dart slugs
  21 orcs
  7 endoplasms
  3 giant cockroaches
  4 goblins
  6 hobgoblins
  8 jackals
  6 quokkas
  9 ball pythons
  4 bats
  11 frilled lizards
  17 kobolds
  6 rats
168 creatures vanquished.

Notes
Turn   | Place    | Note
-------+----------+-------------------------------------------
     0 | D:1      | qw the Minotaur Hexslinger began the quest for the Orb.
     0 | D:1      | Reached XP level 1. HP: 16/16 MP: 1/1
     0 | D:1      | 0 ||| qw: Version: 0.3-a-46-gb1f654a
     0 | D:1      | 0 ||| qw: Game counter: 1979
     0 | D:1      | 0 ||| qw: Melee chars always use a shield: true
     0 | D:1      | 0 ||| qw: God list: Okawaru
     0 | D:1      | 0 ||| qw: Allow faded altars: false
     0 | D:1      | 0 ||| qw: Do Orc after clearing Dungeon:15 true
     0 | D:1      | 0 ||| qw: Do second Lair branch before Depths: true
     0 | D:1      | 0 ||| qw: Lair rune preference: random
     0 | D:1      | 0 ||| qw: Goals: Normal
     0 | D:1      | 0 ||| PLANNING D:1-11
   177 | D:1      | Reached skill level 3 in Ranged Weapons
   179 | D:1      | Reached XP level 2. HP: 23/23 MP: 2/2
   721 | D:1      | Reached XP level 3. HP: 29/29 MP: 3/3
   927 | D:1      | 927 ||| DROPPING scroll of poison.
  1011 | D:2      | Reached skill level 4 in Ranged Weapons
  1100 | D:2      | Reached XP level 4. HP: 36/36 MP: 4/4
  1291 | D:2      | Identified the ring "Ruquewna" {rC+ rN++ MP+9 EV+5 Int-3
                  | Slay+2}
  1545 | D:2      | 1545 ||| DROPPING scarf of invisibility.
  1546 | D:2      | 1546 ||| UPGRADING to +0 leather armour.
  1556 | D:2      | 1556 ||| DROPPING +0 robe.
  1557 | D:2      | 1557 ||| UPGRADING to +0 ring mail.
  1567 | D:2      | 1567 ||| DROPPING +0 leather armour.
  1568 | D:2      | 1568 ||| UPGRADING to amulet of regeneration.
  1573 | D:2      | 1573 ||| UPGRADING to ring "Ruquewna" {rC+ rN++ MP+9 EV+5
                  | Int-3 Slay+2}.
  1643 | D:2      | 1643 ||| READING scroll labelled RYIHARGHUSSIF.
  1644 | D:2      | 1644 ||| READING 3 scrolls labelled TONGIE OCZOGG.
  1645 | D:2      | 1645 ||| READING 2 scrolls of enchant weapon.
  1645 | D:2      | 1645 ||| ENCHANTING +2 sling.
  1646 | D:2      | 1646 ||| READING scroll of enchant weapon.
  1646 | D:2      | 1646 ||| ENCHANTING +3 sling.
  1647 | D:2      | 1647 ||| READING scroll labelled FASIUN ECZO.
  1677 | D:3      | Reached skill level 1 in Armour
  1681 | D:3      | 1681 ||| STAIRDANCE
  1687 | D:2      | Reached skill level 5 in Ranged Weapons
  1793 | D:3      | Reached XP level 5. HP: 44/44 MP: 5/5
  1868 | D:3      | Reached skill level 3 in Fighting
  2005 | D:3      | 2005 ||| FLEEEEING.
  2006 | D:3      | 2006 ||| FLEEEEING.
  2007 | D:3      | 2007 ||| FLEEEEING.
  2008 | D:3      | 2008 ||| FLEEEEING.
  2009 | D:3      | 2009 ||| FLEEEEING.
  2010 | D:3      | 2010 ||| FLEEEEING.
  2011 | D:3      | 2011 ||| FLEEEEING.
  2013 | D:3      | 2013 ||| FLEEEEING.
  2014 | D:3      | 2014 ||| FLEEEEING.
  2134 | D:3      | 2134 ||| READING scroll labelled QIGROU OSHREDAF.
  2141 | D:4      | Found a staircase to the Ecumenical Temple.
  2142 | D:4      | 2142 ||| PLANNING TEMPLE
  2142 | D:4      | 2142 ||| STAIRDANCE
  2146 | D:4      | 2146 ||| STAIRDANCE
  2159 | Temple   | Entered the Ecumenical Temple
  2177 | Temple   | 2177 ||| PLANNING OKAWARU WORSHIP
  2329 | Temple   | Became a worshipper of Warmaster Okawaru
  2330 | Temple   | 2330 ||| PLANNING D:1-11
  2493 | D:4      | Noticed a sky beast
  2502 | D:4      | Killed a sky beast
  2503 | D:4      | Reached skill level 6 in Ranged Weapons
  2503 | D:4      | Reached XP level 6. HP: 27/51 MP: 6/6
  2527 | D:4      | 2527 ||| Stepping ~*~*~tactically~*~*~ (water).
  2636 | D:4      | 2636 ||| Stepping ~*~*~tactically~*~*~ (outnumbered).
  2637 | D:4      | 2637 ||| Stepping ~*~*~tactically~*~*~ (outnumbered).
  2638 | D:4      | 2638 ||| Stepping ~*~*~tactically~*~*~ (outnumbered).
  2639 | D:4      | 2639 ||| Stepping ~*~*~tactically~*~*~ (outnumbered).
  2641 | D:4      | 2641 ||| Stepping ~*~*~tactically~*~*~ (outnumbered).
  3000 | D:4      | Noticed Edmund
  3029 | D:4      | Killed Edmund
  3029 | D:4      | Reached * piety under Okawaru
  3030 | D:4      | Reached skill level 7 in Ranged Weapons
  3243 | D:4      | 3243 ||| READING scroll labelled SYZXEEBLIU.
  3262 | D:5      | Entered Level 5 of the Dungeon
  3337 | D:5      | Reached skill level 1 in Invocations
  3337 | D:5      | Reached XP level 7. HP: 59/59 MP: 7/7
  3430 | D:5      | Reached skill level 8 in Ranged Weapons
  3544 | D:5      | Found Siepheupho's Assorted Antiques.
  3553 | D:5      | 3553 ||| BUYING arbalest (99 gold).
  3553 | D:5      | Bought an arbalest for 99 gold pieces
  3553 | D:5      | 3553 ||| BUYING dark potion (19 gold).
  3553 | D:5      | Bought a dark potion for 19 gold pieces
  3553 | D:5      | 3553 ||| BUYING forked brass wand (88 gold).
  3553 | D:5      | Bought a forked brass wand for 88 gold pieces
  3553 | D:5      | 3553 ||| BUYING scroll labelled ISHOIR SIEWKO (22 gold).
  3553 | D:5      | Bought a scroll labelled ISHOIR SIEWKO for 22 gold pieces
  3553 | D:5      | 3553 ||| BUYING scroll of identify (44 gold).
  3553 | D:5      | Bought a scroll of identify for 44 gold pieces
  3553 | D:5      | 3553 ||| SWAPPING to +0 arbalest.
  3554 | D:5      | 3554 ||| DROPPING +4 sling.
  3559 | D:5      | Found a glowing golden altar of the Shining One.
  3765 | D:5      | 3765 ||| UPGRADING to +2 leather armour of fire resistance.
  3775 | D:5      | 3775 ||| DROPPING +0 ring mail.
  3776 | D:5      | 3776 ||| READING scroll labelled SIUWYPAUSE.
  3877 | D:5      | 3877 ||| READING scroll labelled MELEUP MIUQICK.
  3878 | D:5      | 3878 ||| READING scroll labelled BYUNYN SATZANKU.
  3879 | D:5      | 3879 ||| READING scroll labelled ISHOIR SIEWKO.
  3880 | D:5      | 3880 ||| DRINKING 2 dark potions.
  3881 | D:5      | 3881 ||| READING 3 scrolls of identify.
  3881 | D:5      | 3881 ||| IDENTIFYING sedimented ruby potion
  3882 | D:5      | 3882 ||| READING 2 scrolls of identify.
  3882 | D:5      | 3882 ||| IDENTIFYING silvery potion
  3883 | D:5      | 3883 ||| DROPPING potion of invisibility.
  3884 | D:5      | 3884 ||| DROPPING wand of roots (4).
  3925 | D:6      | 3925 ||| Stepping ~*~*~tactically~*~*~ (outnumbered).
  3930 | D:6      | 3930 ||| INVOKING Heroism.
  3933 | D:6      | 3933 ||| DRINKING potion of curing.
  3933 | D:6      | 3933 ||| (to cure confusion)
  3935 | D:6      | Reached skill level 3 in Invocations
  3937 | D:6      | Reached ** piety under Okawaru
  4044 | D:6      | 4044 ||| INVOKING Heroism.
  4049 | D:6      | Reached XP level 8. HP: 64/68 MP: 10/10
  4117 | D:6      | Reached skill level 3 in Dodging
  4230 | D:6      | Reached skill level 9 in Ranged Weapons
  4234 | D:6      | 4234 ||| INVOKING Heroism.
  4352 | D:6      | Reached skill level 6 in Fighting
  4398 | D:6      | 4398 ||| INVOKING Heroism.
  4439 | D:6      | 4439 ||| INVOKING Heroism.
  4681 | D:6      | 4681 ||| READING scroll labelled FOALOE MAUTIQ.
  4684 | D:6      | 4684 ||| DRINKING 2 emerald potions.
  4685 | D:6      | 4685 ||| READING 2 scrolls of identify.
  4685 | D:6      | 4685 ||| IDENTIFYING inky potion
  4686 | D:6      | 4686 ||| DROPPING potion of brilliance.
  4733 | D:7      | Reached skill level 10 in Ranged Weapons
  4863 | D:7      | 4863 ||| INVOKING Heroism.
  4870 | D:7      | Reached XP level 9. HP: 78/78 MP: 11/11
  4972 | D:7      | 4972 ||| INVOKING Heroism.
  4994 | D:7      | 4994 ||| INVOKING Heroism.
  5152 | D:7      | Identified the +6 scale mail "Udesh" {Harm Stlth+}
  5216 | D:7      | 5216 ||| DRINKING 3 green potions.
  5247 | D:7      | 5247 ||| DROPPING 2 potions of lignification.
  5319 | D:8      | Noticed a rime drake
  5322 | D:8      | 5322 ||| INVOKING Heroism.
  5326 | D:8      | Killed a rime drake
  5336 | D:8      | Reached skill level 11 in Ranged Weapons
  5337 | D:8      | Reached *** piety under Okawaru
  5342 | D:8      | 5342 ||| INVOKING Heroism.
  5344 | D:8      | Noticed a polar bear
  5344 | D:8      | HP: 15/79 [something/magic dart (8)]
  5348 | D:8      | HP: 4/79 [ice beast (7)]
  5351 | D:8      | 5351 ||| DRINKING potion of curing.
  5351 | D:8      | 5351 ||| (to cure confusion)
  5352 | D:8      | HP: 1/79 [wolf (2)]
  5353 | D:8      | Killed from afar by an orc wizard

Levels and vault maps discovered:
D:1:      giann_wishing_wells, layout_basic, minmay_misc_feat_roman,
          minmay_lizard_pond
D:2:      layout_rooms, minmay_quadrilaterals
D:3:      layout_rooms, st_stairs_3
D:4:      layout_loops_corners, minmay_temple_entry_trees, minmay_manual_mail,
          uniq_edmund
D:5:      cheibrodos_quashed, layout_cave_pools, mainiacjoe_overflow_alcove_2,
          serial_shops, nicolae_shop_just_a_little_nook, serial_bayou,
          serial_bayou_pond_e, serial_bayou_crossing, serial_bayou_pond_c,
          serial_bayou_pond_a, serial_bayou_pond_e
D:6:      layout_basic, kennysheep_generic_room_9
D:7:      layout_loops_cross
D:8:      layout_loops_cross, hellmonk_lair_entry_icy
Temple:   nicolae_temple_bog_church

Skill      XL: |  1  2  3  4  5  6  7  8  9 |
---------------+----------------------------+-----
Ranged Weapons | 3 4 5 6 7 8 10 11 | 11.9
Fighting       | 2 3 4 5 6 7 |  7.2
Armour         | 1 |  1.0
Invocations    | 1 4 |  4.0
Dodging        | 3 4 |  4.0
Spellcasting   | |  1.0
Hexes          | |  2.0

Action                     |  1- 3 |  4- 6 |  7- 9 || total
---------------------------+-------+-------+-------++-------
   Fire: Sling             |   121 |   190 |    21 ||   332
         Arbalest          |       |       |   155 ||   155
 Invoke: Heroism           |       |       |    10 ||    10
    Use: Scroll            |       |     7 |     8 ||    15
         Potion            |       |       |     5 ||     5
 Armour: Robe              |     8 |     3 |       ||    11
         Ring mail         |       |    14 |     2 ||    16
         Leather armour    |       |       |    33 ||    33
  Dodge: Dodged            |    36 |    68 |   151 ||   255

Table legend:
 A = Non-vault XP
 B = Vault XP
 C = Vault XP percentage of total XP
 D = Non-vault monster count
 E = Vault monster count
 F = Vault count percentage of total count
                 A         B        C        D         E       F
            +---------+---------+-------+---------+---------+-------
      Total |    2712 |    1702 |  38.6 |     143 |      25 |  14.9
            +---------+---------+-------+---------+---------+-------
        D:1 |      37 |       7 |  15.9 |      21 |       7 |  25.0
        D:2 |      87 |       4 |   4.4 |      23 |       2 |   8.0
        D:3 |     142 |       4 |   2.7 |      32 |       2 |   5.9
        D:4 |      65 |     339 |  83.9 |       7 |       5 |  41.7
        D:5 |     401 |       0 |   0.0 |      10 |       0 |   0.0
        D:6 |    1301 |     136 |   9.5 |      24 |       1 |   4.0
        D:7 |     428 |       0 |   0.0 |      13 |       0 |   0.0
        D:8 |     251 |    1212 |  82.8 |      13 |       8 |  38.1
            +---------+---------+-------+---------+---------+-------
